 Dungeon Crawl Stone Soup version 0.23.2-33-g5129a83184 (webtiles) character file.

Game seed: 4562188257107705335

53 DildoBatman the Conjurer (level 4, 0/30 HPs)
             Began as a Formicid Wizard on July 9, 2019.
             Succumbed to an adder's poison
             ... on level 2 of the Dungeon on July 10, 2019.
             The game lasted 00:04:29 (1614 turns).

DildoBatman the Conjurer (Formicid Wizard)          Turns: 1614, Time: 00:04:30

Health: 0/30       AC:  2    Str: 12    XL:     4   Next: 11%
Magic:  8/8        EV: 12    Int: 18    God:
Gold:   55         SH:  0    Dex:  9    Spells: 2/9 levels left

rFire    . . .     SeeInvis +   b - +0 dagger
rCold    . . .     Gourm    .   (no shield)
rNeg     . . .     Faith    .   a - +0 robe
rPois    .         Spirit   .   (helmet unavailable)
rElec    .         Reflect  .   (no cloak)
rCorr    .         Harm     .   (no gloves)
MR       .....                  (no boots)
Stlth    ++........             (no amulet)
HPRegen  0.10/turn              (no ring)
MPRegen  0.11/turn              (no ring)

@: lethally poisoned (0 -> -3)
A: permanent stasis, dig shafts and tunnels, four strong arms, antennae 3
a: Dig, Shaft Self


You were on level 2 of the Dungeon.
You were not hungry.

You visited 1 branch of the dungeon, and saw 2 of its levels.

You collected 55 gold pieces.

Inventory:

Hand Weapons
 b - a +0 dagger (weapon)
 j - a +0 hand axe of chopping
Missiles
 f - 20 stones (quivered)
 g - 18 arrows
 m - 23 bolts
Armour
 a - a +0 robe (worn)
 c - a +0 buckler
 i - +0 storm dragon scales
Scrolls
 e - 3 scrolls of remove curse {unknown}
 h - a scroll of enchant armour {unknown}
 l - a scroll of enchant weapon {unknown}
Potions
 k - a potion of degeneration {unknown}
Comestibles
 d - a chunk of flesh
 v - 3 rations


   Skills:
 - Level 1.7 Dodging
 - Level 2.4 Stealth
 - Level 3.2 Spellcasting
 * Level 3.3 Conjurations
   Level 1.0 Summonings
   Level 0.8 Translocations


You had 2 spell levels left.
You knew the following spells:

 Your Spells              Type           Power        Failure   Level  Hunger
a - Conjure Flame         Conj/Fire      #.......     24%         3    ###....
c - Magic Dart            Conj           ##..         4%          1    None
e - Mephitic Cloud        Conj/Pois/Air  #.......     30%         3    ###....

Your spell library contained the following spells:

 Spells                   Type           Power        Failure   Level  Hunger
 Call Imp                 Summ           #.......     16%         2    ##.....
 Slow                     Hex            #.......     24%         2    ##.....
 Blink                    Tloc           Unusable     N/A         2    N/A

Dungeon Overview and Level Annotations

Branches:
Dungeon (2/15)

Altars:

Annotations:
D:2 Natasha


Innate Abilities, Weirdness & Mutations

You cannot be hasted, slowed, berserked, paralysed or teleported.
You can dig through walls and to a lower floor.
Your four strong arms can wield two-handed weapons with a shield.
You have a pair of large antennae on your head. (SInv)


Message History

Anything else - Cancel.
You shout for attention!
You feel sick. The adder bites you. What are your orders? t - Shout!
Orders for allies: a - Attack new target. r - Retreat! s - Stop attacking. g - Guard the area. f - Follow me.
Anything else - Cancel.
You shout for attention!
The adder closely misses you. What are your orders? t - Shout!
Orders for allies: a - Attack new target. r - Retreat! s - Stop attacking. g - Guard the area. f - Follow me.
Anything else - Cancel.
You shout for attention!
You die...

..# #.# #### #.#
...# #.# ##.# ##.##
#.# #!..# #.#
###.S.### #.#
#...@...#.# #.#
#.......$.# #.#
#.......###
#.##########.#...###
#............#...#
###############.##
#.# #.# .#


You could see an adder.

Vanquished Creatures
  An adder (D:2)
  2 gnolls (D:1)
  2 leopard geckos
  A bat (D:1)
  5 goblins (D:1)
  2 hobgoblins (D:1)
  2 jackals (D:1)
  4 kobolds (D:1)
  A frilled lizard (D:2)
  5 rats
25 creatures vanquished.

Notes
Turn   | Place    | Note
-------+----------+-------------------------------------------
     0 | D:1      | DildoBatman the Formicid Wizard began the quest for the
                  | Orb.
     0 | D:1      | Reached XP level 1. HP: 13/13 MP: 4/4
    92 | D:1      | Reached skill level 1 in Conjurations
   283 | D:1      | Reached XP level 2. HP: 19/19 MP: 0/6
   851 | D:1      | Reached XP level 3. HP: 24/24 MP: 3/7
   856 | D:1      | Learned a level 3 spell: Conjure Flame
   860 | D:1      | Learned a level 3 spell: Mephitic Cloud
  1418 | D:2      | Noticed Natasha
  1571 | D:2      | Reached XP level 4. HP: 19/30 MP: 3/8
  1612 | D:2      | HP: 1/30 [adder (4)]
  1614 | D:2      | Succumbed to an adder's poison

Skill      XL: |  1  2  3 |
---------------+----------+-----
Conjurations   | 1 2 3 |  3.3
Dodging        | |  1.7
Stealth        | |  2.4
Spellcasting   | |  3.2
Summonings     | |  1.0
Translocations | |  0.8

Action                   |  1- 3 |  4- 6 || total
-------------------------+-------+-------++-------
Melee: Dagger            |    28 |       ||    28
 Cast: Magic Dart        |    59 |     1 ||    60
       Mephitic Cloud    |     3 |       ||     3
 Abil: Dig               |     5 |       ||     5
 Stab: Sleeping          |     1 |       ||     1
       Confused          |     1 |       ||     1
  Eat: Chunk             |     5 |       ||     5
Armor: Robe              |     3 |       ||     3
Dodge: Dodged            |    29 |     5 ||    34
